Senators vs Lightning

Created - January 12, 2016 at 18:33

Goals
1 2 3 T
Senators 1 1 1 3
Lightning 0 2 0 2
Shots
1 2 3 T
Senators 13 11 13 37
Lightning 8 7 10 25

1st period

1. Senators , Mike Hoffman 18 (Jason Garrison, Mark Stone) at 14:47

Penalties :
Andre Benoit (TBL) for Holding (Minor) at 1:34, Eric Fehr (TBL) for Spearing (Major / Game Misconduct) at 3:01, Marko Dano (OTT) for Hooking (Minor) at 11:25

2nd period

2. Senators , Mark Stone 21 (Marc Methot, Duncan Keith) at 8:44
3. Lightning , Travis Zajac 11 (Kyle Okposo, Henrik Sedin) at 9:23
4. Lightning , Henrik Sedin 13 (Kyle Okposo, Travis Zajac) at 19:35

Penalties :
Nick Spaling (TBL) for Hooking (Minor) at 6:52, Jan Hejda (OTT) for Hooking (Minor) at 6:52, Patric Hornqvist (TBL) for Roughing (Minor) at 12:58

3rd period

5. Senators , Sidney Crosby 15 (Eric Staal, Tuukka Rask) at 15:38 (PP)

Penalties :
Erik Gudbranson (TBL) for Holding (Minor) at 0:41, Sidney Crosby (OTT) for Hooking (Minor) at 7:36, Andrej Sekera (TBL) for Tripping (Minor) at 15:13, Steve Bernier (OTT) for High sticking (Minor) at 17:48

Goalie Stats

Tuukka Rask (OTT), 23 saves from 25 shots - (0.920), W, 7-5-0, 60:00 minutes
Jaroslav Halak (TBL), 34 saves from 37 shots - (0.919), L, 16-16-7, 59:00 minutes

Players Stats for Senators

Player Name              G  A  P  +/- PIM S  H  SB GA TA FO     MP     PP MP  PK MP  
------------------------------------------------------------------------------------
Chris Phillips           0  0  0  -1  0   1  0  1  0  0  0/0    10:11   0:00   2:58 
Cory Conacher            0  0  0  -1  0   3  0  0  0  0  0/0     2:52   0:00   0:00 
Drew Miller              0  0  0   0  0   0  0  0  0  0  0/0     3:06   0:00   3:06 
Duncan Keith             0  1  1   1  0   2  0  1  0  0  0/0    16:32   0:00   0:00 
Eric Staal               0  1  1   1  0   3  1  0  0  0  2/5    22:44   5:59   1:08 
Jan Hejda                0  0  0   0  2   2  2  1  0  0  0/0    23:40   5:14   2:58 
Jared Cowen              0  0  0  -1  0   1  1  0  0  0  0/0    16:38   5:14   0:11 
Jason Garrison           0  1  1   0  0   2  0  1  0  0  0/0    24:59   5:35   2:48 
Marc Methot              0  1  1   1  0   0  2  1  0  0  0/0    19:50   0:00   2:59 
Mark Stone               1  1  2   2  0   4  3  0  0  0  0/0    19:58   4:50   0:00 
Marko Dano               0  0  0  -1  2   3  4  0  0  0  10/18  12:55   0:00   1:58 
Mika Zibanejad           0  0  0  -1  0   2  2  0  0  0  1/5    18:45   0:00   2:51 
Mike Hoffman             1  0  1   2  0   2  1  0  0  0  9/24   19:58   4:50   0:00 
Milan Michalek           0  0  0   0  0   2  0  0  0  0  0/0    11:08   0:00   2:51 
Pascal Dupuis            0  0  0  -1  0   3  0  0  0  0  2/3    20:44   4:50   0:00 
Sergei Gonchar           0  0  0   0  0   0  0  0  0  0  0/0     8:09   5:35   0:00 
Sidney Crosby            1  0  1  -1  2   3  2  0  0  0  13/30  23:06   5:59   0:00 
Steve Bernier            0  0  0  -1  2   4  2  0  0  0  1/1    16:45   5:59   0:00 

Players Stats for Lightning

Player Name              G  A  P  +/- PIM S  H  SB GA TA FO     MP     PP MP  PK MP  
------------------------------------------------------------------------------------
Andre Benoit             0  0  0   1  2   1  2  0  0  0  0/0    11:41   0:00   1:31 
Andrej Meszaros          0  0  0  -1  0   0  1  1  0  0  0/0    22:33   3:13   4:48 
Andrej Sekera            0  0  0   0  2   0  1  5  0  0  0/0    25:45   2:44   4:19 
Brad Hunt                0  0  0   1  0   0  0  0  0  0  0/0    10:15   0:00   0:16 
Eric Fehr                0  0  0   0  15  0  0  0  0  0  1/1     0:55   0:00   0:14 
Erik Gudbranson          0  0  0  -1  2   0  1  0  0  0  0/0    22:33   3:13   4:22 
Hampus Lindholm          0  0  0   0  0   2  3  8  0  0  0/0    27:10   2:44   6:22 
Henrik Sedin             1  1  2   2  0   2  0  0  0  0  15/21  19:49   3:32   0:00 
Jason Chimera            0  0  0   0  0   0  1  0  0  0  0/0     5:37   0:00   0:26 
Kyle Okposo              0  2  2   1  0   5  0  0  0  0  2/3    19:29   2:25   0:00 
Maxime Talbot            0  0  0  -1  0   0  1  0  0  0  14/23  18:14   2:25   6:35 
Nick Spaling             0  0  0   0  2   1  0  0  0  0  0/1     7:57   0:00   0:00 
Patric Hornqvist         0  0  0   0  2   4  3  0  0  0  0/0    15:28   3:32   0:00 
Radim Vrbata             0  0  0   0  0   6  0  0  0  0  0/1    15:29   3:32   0:00 
Teddy Purcell            0  0  0   0  0   0  0  1  0  0  0/0    11:20   0:00   3:22 
Tobias Rieder            0  0  0  -2  0   2  2  0  0  0  5/11   22:10   0:00   3:52 
Travis Zajac             1  1  2   1  0   2  2  1  0  0  9/22   18:22   2:25   0:00 
Troy Brouwer             0  0  0   0  0   0  0  0  0  0  2/3    11:47   0:00   6:36 

3 Stars

1 - Mark Stone (OTT)
2 - Travis Zajac (TBL)
3 - Henrik Sedin (TBL)

Power Play

Senators - 1 on 5 Attempt(s) - 20.00%
Lightning - 0 on 3 Attempt(s) - 0.00%

Penalty Kill

Senators - 3 on 3 Attempt(s) - 100.00% - Score 0 goal in Penalty Kill
Lightning - 4 on 5 Attempt(s) - 80.00% - Score 0 goal in Penalty Kill

Team Stat

Senators - Hits : 20 - Faceoff Wins : 38 - Blocked Shots : 5 - Penalty Minutes : 8
Lightning - Hits : 17 - Faceoff Wins : 48 - Blocked Shots : 16 - Penalty Minutes : 25

Official

Referees : Darcy Burchell and Trevor Hanson
Linesman : Thor Nelson and Jean Morin

Game Notes

Eric Fehr ejected from game at 3:01 of 1st period

Finance

Level 1 -- Attendance: 5645 (86.85%) -- Ticket Income $620,950
Level 2 -- Attendance: 3286 (65.72%) -- Ticket Income $312,170
Level 3 -- Attendance: 2294 (65.54%) -- Ticket Income $172,050
Level 4 -- Attendance: 2758 (86.08%) -- Ticket Income $124,110
Luxury Box -- Attendance: 471 (47.10%) -- Ticket Income $169,560
Game was played at the Amalie Arena.
Total Attendance: 14454 (75.27%)
Total Ticket Income: $1,398,840
Other Income: $209,826
Total Income: $1,608,666

% Time on Ice - Senators

Lines # - Real PCT - Wanted PCT - Time Play
Normal Forward
1 - 39% - 36% - 15:54
2 - 35% - 34% - 14:11
3 - 20% - 20% - 8:17
4 - 7% - 10% - 2:41
Normal Defense
1 - 38% - 36% - 15:47
2 - 38% - 34% - 15:29
3 - 18% - 20% - 7:13
4 - 6% - 10% - 2:34
PP Forward
1 - 55% - 50% - 5:59
2 - 45% - 50% - 4:50
PP Defense
1 - 52% - 50% - 5:35
2 - 48% - 50% - 5:14
PK Forward
1 - 52% - 50% - 3:06
2 - 48% - 50% - 2:51
PK Defense
1 - 50% - 50% - 2:59
2 - 50% - 50% - 2:58
PK3 Forward
1 - 0% - 50%
2 - 0% - 50%
PK3 Defense
1 - 0% - 50%
2 - 0% - 50%
44 Forward
1 - 62% - 52% - 1:14
2 - 38% - 48% - 0:45
44 Defense
1 - 62% - 52% - 1:14
2 - 38% - 48% - 0:45
Last Minute Offensive  - 0:00
Last Minute Defensive  - 0:12
Total
Forward - 60:00
Defense - 60:00

% Time on Ice - Lightning

Lines # - Real PCT - Wanted PCT - Time Play
Normal Forward
1 - 39% - 40% - 15:57
2 - 29% - 30% - 11:57
3 - 13% - 20% - 5:11
4 - 19% - 10% - 7:58
Normal Defense
1 - 42% - 40% - 17:09
2 - 32% - 30% - 13:16
3 - 24% - 20% - 9:59
4 - 2% - 10% - 0:39
PP Forward
1 - 59% - 60% - 3:32
2 - 41% - 40% - 2:25
PP Defense
1 - 46% - 60% - 2:44
2 - 54% - 40% - 3:13
PK Forward
1 - 62% - 60% - 6:25
2 - 38% - 40% - 3:52
PK Defense
1 - 60% - 60% - 6:11
2 - 40% - 40% - 4:06
PK3 Forward
1 - 84% - 60% - 0:27
2 - 16% - 40% - 0:05
PK3 Defense
1 - 84% - 60% - 0:27
2 - 16% - 40% - 0:05
44 Forward
1 - 100% - 60% - 1:59
2 - 0% - 40% - 0:00
44 Defense
1 - 46% - 60% - 0:55
2 - 54% - 40% - 1:04
Last Minute Offensive  - 0:12
Last Minute Defensive  - 0:00
Total
Forward - 60:00
Defense - 60:00

Play by Play

1st period


0:01 of 1st period - Sidney Crosby wins face-off versus Travis Zajac in neutral zone.
0:23 of 1st period - Shot by Eric Fehr.
0:23 of 1st period - Deflect By Kyle Okposo.
0:23 of 1st period - Shot Misses the Net.
0:40 of 1st period - Icing by Marc Methot.
0:41 of 1st period - Henrik Sedin wins face-off versus Sidney Crosby in Senators zone.
0:46 of 1st period - Shot by Radim Vrbata.
0:46 of 1st period - Shot Misses the Net.
1:10 of 1st period - Jason Garrison is hit by Patric Hornqvist and loses puck.
1:29 of 1st period - Shot by Eric Staal.
1:29 of 1st period - Stopped by Jaroslav Halak without a rebound.
1:30 of 1st period - Tobias Rieder wins face-off versus Marko Dano in Lightning zone.
1:34 of 1st period - Minor Penalty to Andre Benoit for Holding.
1:35 of 1st period - Sidney Crosby wins face-off versus Maxime Talbot in Lightning zone.
2:36 of 1st period - Shot by Mike Hoffman.
2:36 of 1st period - Shot Misses the Net.
2:38 of 1st period - Shot by Mark Stone.
2:38 of 1st period - Shot Misses the Net.
2:40 of 1st period - Shot by Jared Cowen.
2:40 of 1st period - Shot Misses the Net.
2:44 of 1st period - Shot by Mike Hoffman.
2:44 of 1st period - Deflect By Pascal Dupuis.
2:44 of 1st period - Shot Misses the Net.
2:46 of 1st period - Shot by Jan Hejda.
2:46 of 1st period - Stopped by Jaroslav Halak without a rebound.
2:47 of 1st period - Tobias Rieder wins face-off versus Mike Hoffman in Lightning zone.
2:47 of 1st period - Tobias Rieder is hit by Mark Stone.
2:54 of 1st period - Icing by Mark Stone.
2:55 of 1st period - Eric Fehr wins face-off versus Mike Hoffman in Senators zone.
3:01 of 1st period - Major / Game Misconduct Penalty to Eric Fehr for Spearing.
3:01 of 1st period - Eric Fehr is ejected from game.
3:02 of 1st period - Troy Brouwer wins face-off versus Sidney Crosby in Lightning zone.
3:18 of 1st period - Icing by Jason Garrison.
3:19 of 1st period - Sidney Crosby wins face-off versus Troy Brouwer in Senators zone.
3:24 of 1st period - Shot by Eric Staal.
3:24 of 1st period - Shot Blocked by Hampus Lindholm.
4:23 of 1st period - Icing by Mike Hoffman.
4:24 of 1st period - Mike Hoffman wins face-off versus Tobias Rieder in Senators zone.
4:39 of 1st period - Shot by Jan Hejda.
4:39 of 1st period - Shot Blocked by Andrej Sekera.
4:41 of 1st period - Shot by Jan Hejda.
4:41 of 1st period - Shot Misses the Net.
5:18 of 1st period - Icing by Jason Garrison.
5:19 of 1st period - Sidney Crosby wins face-off versus Maxime Talbot in Senators zone.
5:33 of 1st period - Shot by Jason Garrison.
5:33 of 1st period - Stopped by Jaroslav Halak without a rebound.
5:34 of 1st period - Mike Hoffman wins face-off versus Maxime Talbot in Lightning zone.
6:03 of 1st period - Shot by Pascal Dupuis.
6:03 of 1st period - Shot Blocked by Teddy Purcell.
6:05 of 1st period - Shot by Mark Stone.
6:05 of 1st period - Deflect By Mike Hoffman.
6:05 of 1st period - Stopped by Jaroslav Halak without a rebound.
6:06 of 1st period - Eric Staal wins face-off versus Maxime Talbot in Lightning zone.
8:11 of 1st period - Shot by Marko Dano.
8:11 of 1st period - Deflect By Cory Conacher.
8:11 of 1st period - Stopped by Jaroslav Halak without a rebound.
8:12 of 1st period - Travis Zajac wins face-off versus Marko Dano in Lightning zone.
8:50 of 1st period - Kyle Okposo is hit by Marc Methot and loses puck.
9:18 of 1st period - Icing by Jan Hejda.
9:19 of 1st period - Pascal Dupuis wins face-off versus Maxime Talbot in Senators zone.
10:58 of 1st period - Shot by Eric Staal.
10:58 of 1st period - Shot Blocked by Andrej Sekera.
11:00 of 1st period - Shot by Chris Phillips.
11:00 of 1st period - Stopped by Jaroslav Halak with a rebound.
11:25 of 1st period - Minor Penalty to Marko Dano for Hooking.
11:26 of 1st period - Henrik Sedin wins face-off versus Eric Staal in Senators zone.
12:20 of 1st period - Kyle Okposo is hit by Mika Zibanejad and loses puck.
12:33 of 1st period - Shot by Hampus Lindholm.
12:33 of 1st period - Stopped by Tuukka Rask without a rebound.
12:34 of 1st period - Travis Zajac wins face-off versus Eric Staal in Senators zone.
12:37 of 1st period - Shot by Hampus Lindholm.
12:37 of 1st period - Stopped by Tuukka Rask without a rebound.
12:38 of 1st period - Eric Staal wins face-off versus Henrik Sedin in Senators zone.
12:55 of 1st period - Shot by Patric Hornqvist.
12:55 of 1st period - Stopped by Tuukka Rask without a rebound.
12:56 of 1st period - Maxime Talbot wins face-off versus Mika Zibanejad in Senators zone.
13:05 of 1st period - Shot by Travis Zajac.
13:05 of 1st period - Stopped by Tuukka Rask without a rebound.
13:06 of 1st period - Henrik Sedin wins face-off versus Eric Staal in Senators zone.
13:09 of 1st period - Shot by Patric Hornqvist.
13:09 of 1st period - Stopped by Tuukka Rask with a rebound.
13:15 of 1st period - Shot by Radim Vrbata.
13:15 of 1st period - Stopped by Tuukka Rask without a rebound.
13:16 of 1st period - Mika Zibanejad wins face-off versus Travis Zajac in Senators zone.
13:22 of 1st period - Icing by Erik Gudbranson.
13:23 of 1st period - Travis Zajac wins face-off versus Mika Zibanejad in Lightning zone.
13:23 of 1st period - Travis Zajac is hit by Mika Zibanejad.
13:41 of 1st period - Shot by Mika Zibanejad.
13:41 of 1st period - Stopped by Jaroslav Halak with a rebound.
13:49 of 1st period - Shot by Sidney Crosby.
13:49 of 1st period - Shot Blocked by Hampus Lindholm.
13:51 of 1st period - Shot by Mika Zibanejad.
13:51 of 1st period - Shot Misses the Net.
14:26 of 1st period - Shot by Travis Zajac.
14:26 of 1st period - Shot Misses the Net.
14:47 of 1st period - Shot by Mike Hoffman.
14:47 of 1st period - Goal by Mike Hoffman - Senators : 1 - Lightning : 0.
14:48 of 1st period - Maxime Talbot wins face-off versus Marko Dano in neutral zone.
14:56 of 1st period - Shot by Andre Benoit.
14:56 of 1st period - Stopped by Tuukka Rask without a rebound.
14:57 of 1st period - Mike Hoffman wins face-off versus Maxime Talbot in Senators zone.
15:12 of 1st period - Maxime Talbot is hit by Jan Hejda and loses puck.
15:37 of 1st period - Shot by Nick Spaling.
15:37 of 1st period - Stopped by Tuukka Rask without a rebound.
15:38 of 1st period - Marko Dano wins face-off versus Travis Zajac in Senators zone.
16:15 of 1st period - Shot by Steve Bernier.
16:15 of 1st period - Shot Blocked by Travis Zajac.
16:17 of 1st period - Shot by Steve Bernier.
16:17 of 1st period - Stopped by Jaroslav Halak with a rebound.
16:19 of 1st period - Shot by Milan Michalek.
16:19 of 1st period - Stopped by Jaroslav Halak without a rebound.
16:20 of 1st period - Henrik Sedin wins face-off versus Sidney Crosby in Lightning zone.
16:35 of 1st period - Shot by Patric Hornqvist.
16:35 of 1st period - Shot Misses the Net.
16:43 of 1st period - Shot by Patric Hornqvist.
16:43 of 1st period - Shot Misses the Net.
16:45 of 1st period - Shot by Andrej Meszaros.
16:45 of 1st period - Shot Blocked by Duncan Keith.
17:29 of 1st period - Shot by Mark Stone.
17:29 of 1st period - Stopped by Jaroslav Halak without a rebound.
17:30 of 1st period - Marko Dano wins face-off versus Tobias Rieder in Lightning zone.
17:30 of 1st period - Chris Phillips is hit by Hampus Lindholm and loses puck.
18:05 of 1st period - Jared Cowen is hit by Jason Chimera and loses puck.
18:25 of 1st period - Icing by Hampus Lindholm.
18:26 of 1st period - Mike Hoffman wins face-off versus Tobias Rieder in Lightning zone.
18:28 of 1st period - Eric Staal is hit by Andrej Sekera and loses puck.
18:45 of 1st period - Shot by Jason Garrison.
18:45 of 1st period - Stopped by Jaroslav Halak without a rebound.
18:46 of 1st period - Travis Zajac wins face-off versus Sidney Crosby in Lightning zone.
19:20 of 1st period - Shot by Mika Zibanejad.
19:20 of 1st period - Shot Misses the Net.
19:22 of 1st period - Shot by Sidney Crosby.
19:22 of 1st period - Stopped by Jaroslav Halak without a rebound.
19:23 of 1st period - Mike Hoffman wins face-off versus Nick Spaling in Lightning zone.
19:23 of 1st period - Eric Staal is hit by Andre Benoit and loses puck.
19:42 of 1st period - Shot by Nick Spaling.
19:42 of 1st period - Shot Misses the Net.
19:52 of 1st period - Shot by Teddy Purcell.
19:52 of 1st period - Shot Misses the Net.
Goals for this period are 1 for Senators vs 0 for Lightning.
Shots for this period are 13 for Senators vs 8 for Lightning.

2nd period


0:01 of 2nd period - Mike Hoffman wins face-off versus Henrik Sedin in neutral zone.
0:04 of 2nd period - Shot by Eric Staal.
0:04 of 2nd period - Shot Misses the Net.
0:34 of 2nd period - Shot by Radim Vrbata.
0:34 of 2nd period - Deflect By Patric Hornqvist.
0:34 of 2nd period - Shot Misses the Net.
0:54 of 2nd period - Erik Gudbranson is hit by Eric Staal and loses puck.
1:29 of 2nd period - Shot by Pascal Dupuis.
1:29 of 2nd period - Stopped by Jaroslav Halak without a rebound.
1:30 of 2nd period - Maxime Talbot wins face-off versus Marko Dano in Lightning zone.
1:30 of 2nd period - Maxime Talbot is hit by Marko Dano.
1:44 of 2nd period - Shot by Marko Dano.
1:44 of 2nd period - Stopped by Jaroslav Halak without a rebound.
1:45 of 2nd period - Sidney Crosby wins face-off versus Henrik Sedin in Lightning zone.
2:18 of 2nd period - Marc Methot is hit by Patric Hornqvist.
5:48 of 2nd period - Shot by Radim Vrbata.
5:48 of 2nd period - Stopped by Tuukka Rask without a rebound.
5:49 of 2nd period - Marko Dano wins face-off versus Travis Zajac in Senators zone.
5:49 of 2nd period - Marko Dano is hit by Travis Zajac.
6:05 of 2nd period - Shot by Steve Bernier.
6:05 of 2nd period - Stopped by Jaroslav Halak without a rebound.
6:06 of 2nd period - Maxime Talbot wins face-off versus Marko Dano in Lightning zone.
6:06 of 2nd period - Maxime Talbot is hit by Marko Dano.
6:14 of 2nd period - Shot by Teddy Purcell.
6:14 of 2nd period - Shot Misses the Net.
6:25 of 2nd period - Teddy Purcell is hit by Marc Methot.
6:37 of 2nd period - Shot by Nick Spaling.
6:37 of 2nd period - Shot Blocked by Marc Methot.
6:52 of 2nd period - Minor Penalty to Nick Spaling for Hooking.
6:52 of 2nd period - Minor Penalty to Jan Hejda for Hooking.
6:53 of 2nd period - Henrik Sedin wins face-off versus Sidney Crosby in Senators zone.
7:02 of 2nd period - Shot by Eric Staal.
7:02 of 2nd period - Shot Blocked by Hampus Lindholm.
7:26 of 2nd period - Shot by Henrik Sedin.
7:26 of 2nd period - Shot Misses the Net.
7:50 of 2nd period - Andrej Meszaros is hit by Sidney Crosby and loses puck.
8:44 of 2nd period - Shot by Mark Stone.
8:44 of 2nd period - Goal by Mark Stone - Senators : 2 - Lightning : 0.
8:45 of 2nd period - Henrik Sedin wins face-off versus Sidney Crosby in neutral zone.
9:21 of 2nd period - Shot by Kyle Okposo.
9:21 of 2nd period - Stopped by Tuukka Rask with a rebound.
9:23 of 2nd period - Shot by Travis Zajac.
9:23 of 2nd period - Goal by Travis Zajac - Senators : 2 - Lightning : 1.
9:24 of 2nd period - Tobias Rieder wins face-off versus Sidney Crosby in neutral zone.
9:30 of 2nd period - Icing by Marc Methot.
9:31 of 2nd period - Henrik Sedin wins face-off versus Sidney Crosby in Senators zone.
9:36 of 2nd period - Shot by Patric Hornqvist.
9:36 of 2nd period - Shot Misses the Net.
9:46 of 2nd period - Shot by Patric Hornqvist.
9:46 of 2nd period - Stopped by Tuukka Rask without a rebound.
9:47 of 2nd period - Kyle Okposo wins face-off versus Mike Hoffman in Senators zone.
10:14 of 2nd period - Shot by Jared Cowen.
10:14 of 2nd period - Shot Misses the Net.
10:52 of 2nd period - Off-side.
10:53 of 2nd period - Henrik Sedin wins face-off versus Sidney Crosby in neutral zone.
10:58 of 2nd period - Pascal Dupuis is hit by Patric Hornqvist and loses puck.
11:23 of 2nd period - Shot by Patric Hornqvist.
11:23 of 2nd period - Shot Misses the Net.
12:01 of 2nd period - Shot by Marko Dano.
12:01 of 2nd period - Stopped by Jaroslav Halak without a rebound.
12:02 of 2nd period - Marko Dano wins face-off versus Travis Zajac in Lightning zone.
12:05 of 2nd period - Shot by Milan Michalek.
12:05 of 2nd period - Shot Misses the Net.
12:07 of 2nd period - Shot by Duncan Keith.
12:07 of 2nd period - Stopped by Jaroslav Halak without a rebound.
12:08 of 2nd period - Mike Hoffman wins face-off versus Travis Zajac in Lightning zone.
12:58 of 2nd period - Minor Penalty to Patric Hornqvist for Roughing.
12:59 of 2nd period - Maxime Talbot wins face-off versus Sidney Crosby in Lightning zone.
12:59 of 2nd period - Maxime Talbot is hit by Steve Bernier.
13:02 of 2nd period - Troy Brouwer is hit by Steve Bernier and loses puck.
13:19 of 2nd period - Shot by Jared Cowen.
13:19 of 2nd period - Stopped by Jaroslav Halak without a rebound.
13:20 of 2nd period - Maxime Talbot wins face-off versus Mike Hoffman in Lightning zone.
13:36 of 2nd period - Icing by Jason Garrison.
13:37 of 2nd period - Maxime Talbot wins face-off versus Mike Hoffman in Senators zone.
13:54 of 2nd period - Shot by Mark Stone.
13:54 of 2nd period - Stopped by Jaroslav Halak without a rebound.
13:55 of 2nd period - Steve Bernier wins face-off versus Maxime Talbot in Lightning zone.
14:25 of 2nd period - Shot by Sidney Crosby.
14:25 of 2nd period - Stopped by Jaroslav Halak with a rebound.
14:51 of 2nd period - Shot by Tobias Rieder.
14:51 of 2nd period - Stopped by Tuukka Rask without a rebound.
14:52 of 2nd period - Maxime Talbot wins face-off versus Mike Hoffman in Senators zone.
14:56 of 2nd period - Icing by Jason Garrison.
14:57 of 2nd period - Maxime Talbot wins face-off versus Mike Hoffman in Senators zone.
15:07 of 2nd period - Icing by Pascal Dupuis.
15:08 of 2nd period - Pascal Dupuis wins face-off versus Henrik Sedin in Senators zone.
15:36 of 2nd period - Shot by Duncan Keith.
15:36 of 2nd period - Stopped by Jaroslav Halak without a rebound.
15:37 of 2nd period - Marko Dano wins face-off versus Travis Zajac in Lightning zone.
15:50 of 2nd period - Shot by Marko Dano.
15:50 of 2nd period - Shot Blocked by Hampus Lindholm.
16:03 of 2nd period - Hampus Lindholm is hit by Marko Dano.
16:08 of 2nd period - Jason Garrison is hit by Hampus Lindholm and loses puck.
17:43 of 2nd period - Shot by Pascal Dupuis.
17:43 of 2nd period - Stopped by Jaroslav Halak without a rebound.
17:44 of 2nd period - Maxime Talbot wins face-off versus Marko Dano in Lightning zone.
18:12 of 2nd period - Off-side.
18:13 of 2nd period - Troy Brouwer wins face-off versus Sidney Crosby in neutral zone.
18:49 of 2nd period - Icing by Hampus Lindholm.
18:50 of 2nd period - Tobias Rieder wins face-off versus Mike Hoffman in Lightning zone.
18:50 of 2nd period - Tobias Rieder is hit by Mark Stone.
19:17 of 2nd period - Icing by Jason Garrison.
19:18 of 2nd period - Mike Hoffman wins face-off versus Henrik Sedin in Senators zone.
19:31 of 2nd period - Shot by Patric Hornqvist.
19:31 of 2nd period - Stopped by Tuukka Rask without a rebound.
19:32 of 2nd period - Travis Zajac wins face-off versus Sidney Crosby in Senators zone.
19:33 of 2nd period - Shot by Kyle Okposo.
19:33 of 2nd period - Shot Misses the Net.
19:35 of 2nd period - Shot by Henrik Sedin.
19:35 of 2nd period - Goal by Henrik Sedin - Senators : 2 - Lightning : 2.
19:36 of 2nd period - Sidney Crosby wins face-off versus Travis Zajac in neutral zone.
Goals for this period are 1 for Senators vs 2 for Lightning.
Shots for this period are 11 for Senators vs 7 for Lightning.

3rd period


0:01 of 3rd period - Travis Zajac wins face-off versus Mike Hoffman in neutral zone.
0:16 of 3rd period - Mark Stone is hit by Hampus Lindholm and loses puck.
0:34 of 3rd period - Shot by Mark Stone.
0:34 of 3rd period - Stopped by Jaroslav Halak without a rebound.
0:35 of 3rd period - Sidney Crosby wins face-off versus Radim Vrbata in Lightning zone.
0:36 of 3rd period - Shot by Pascal Dupuis.
0:36 of 3rd period - Shot Misses the Net.
0:39 of 3rd period - Mika Zibanejad is hit by Andrej Meszaros and loses puck.
0:41 of 3rd period - Minor Penalty to Erik Gudbranson for Holding.
0:42 of 3rd period - Maxime Talbot wins face-off versus Sidney Crosby in Lightning zone.
0:51 of 3rd period - Shot by Maxime Talbot.
0:51 of 3rd period - Shot Blocked by Jason Garrison.
1:01 of 3rd period - Shot by Jason Garrison.
1:01 of 3rd period - Deflect By Sidney Crosby.
1:01 of 3rd period - Shot Misses the Net.
1:05 of 3rd period - Shot by Steve Bernier.
1:05 of 3rd period - Stopped by Jaroslav Halak without a rebound.
1:06 of 3rd period - Maxime Talbot wins face-off versus Pascal Dupuis in Lightning zone.
1:15 of 3rd period - Shot by Mark Stone.
1:15 of 3rd period - Shot Blocked by Andrej Meszaros.
1:17 of 3rd period - Shot by Jan Hejda.
1:17 of 3rd period - Shot Misses the Net.
1:19 of 3rd period - Shot by Pascal Dupuis.
1:19 of 3rd period - Stopped by Jaroslav Halak without a rebound.
1:20 of 3rd period - Maxime Talbot wins face-off versus Sidney Crosby in Lightning zone.
1:40 of 3rd period - Shot by Sidney Crosby.
1:40 of 3rd period - Shot Blocked by Hampus Lindholm.
1:42 of 3rd period - Shot by Jared Cowen.
1:42 of 3rd period - Shot Misses the Net.
1:44 of 3rd period - Shot by Steve Bernier.
1:44 of 3rd period - Shot Misses the Net.
1:46 of 3rd period - Shot by Jan Hejda.
1:46 of 3rd period - Stopped by Jaroslav Halak without a rebound.
1:47 of 3rd period - Tobias Rieder wins face-off versus Mike Hoffman in Lightning zone.
1:47 of 3rd period - Tobias Rieder is hit by Mark Stone.
3:19 of 3rd period - Shot by Steve Bernier.
3:19 of 3rd period - Stopped by Jaroslav Halak without a rebound.
3:20 of 3rd period - Sidney Crosby wins face-off versus Tobias Rieder in Lightning zone.
3:51 of 3rd period - Shot by Tobias Rieder.
3:51 of 3rd period - Stopped by Tuukka Rask without a rebound.
3:52 of 3rd period - Henrik Sedin wins face-off versus Mike Hoffman in Senators zone.
3:52 of 3rd period - Henrik Sedin is hit by Jan Hejda.
4:21 of 3rd period - Off-side.
4:22 of 3rd period - Marko Dano wins face-off versus Travis Zajac in neutral zone.
4:51 of 3rd period - Shot by Milan Michalek.
4:51 of 3rd period - Shot Blocked by Andrej Sekera.
5:34 of 3rd period - Eric Staal is hit by Andre Benoit and loses puck.
5:49 of 3rd period - Shot by Mark Stone.
5:49 of 3rd period - Shot Misses the Net.
5:51 of 3rd period - Shot by Mike Hoffman.
5:51 of 3rd period - Shot Misses the Net.
7:05 of 3rd period - Shot by Marko Dano.
7:05 of 3rd period - Stopped by Jaroslav Halak without a rebound.
7:06 of 3rd period - Travis Zajac wins face-off versus Mike Hoffman in Lightning zone.
7:08 of 3rd period - Hampus Lindholm is hit by Mike Hoffman and loses puck.
7:21 of 3rd period - Shot by Eric Staal.
7:21 of 3rd period - Stopped by Jaroslav Halak without a rebound.
7:22 of 3rd period - Marko Dano wins face-off versus Tobias Rieder in Lightning zone.
7:25 of 3rd period - Shot by Marko Dano.
7:25 of 3rd period - Deflect By Steve Bernier.
7:25 of 3rd period - Shot Misses the Net.
7:27 of 3rd period - Shot by Marko Dano.
7:27 of 3rd period - Shot Misses the Net.
7:31 of 3rd period - Shot by Marko Dano.
7:31 of 3rd period - Shot Blocked by Hampus Lindholm.
7:33 of 3rd period - Shot by Cory Conacher.
7:33 of 3rd period - Stopped by Jaroslav Halak without a rebound.
7:34 of 3rd period - Travis Zajac wins face-off versus Sidney Crosby in Lightning zone.
7:36 of 3rd period - Minor Penalty to Sidney Crosby for Hooking.
7:37 of 3rd period - Henrik Sedin wins face-off versus Mika Zibanejad in Senators zone.
9:17 of 3rd period - Kyle Okposo is hit by Marko Dano.
9:21 of 3rd period - Jan Hejda is hit by Maxime Talbot and loses puck.
9:48 of 3rd period - Off-side.
9:49 of 3rd period - Mike Hoffman wins face-off versus Tobias Rieder in neutral zone.
10:45 of 3rd period - Andrej Sekera is hit by Jared Cowen and loses puck.
10:58 of 3rd period - Shot by Patric Hornqvist.
10:58 of 3rd period - Shot Blocked by Jan Hejda.
11:08 of 3rd period - Shot by Sidney Crosby.
11:08 of 3rd period - Shot Blocked by Hampus Lindholm.
11:18 of 3rd period - Shot by Sidney Crosby.
11:18 of 3rd period - Shot Blocked by Andrej Sekera.
11:20 of 3rd period - Shot by Jan Hejda.
11:20 of 3rd period - Shot Blocked by Hampus Lindholm.
11:22 of 3rd period - Shot by Pascal Dupuis.
11:22 of 3rd period - Shot Blocked by Andrej Sekera.
11:53 of 3rd period - Icing by Duncan Keith.
11:54 of 3rd period - Marko Dano wins face-off versus Kyle Okposo in Senators zone.
12:08 of 3rd period - Shot by Milan Michalek.
12:08 of 3rd period - Stopped by Jaroslav Halak without a rebound.
12:09 of 3rd period - Marko Dano wins face-off versus Maxime Talbot in Lightning zone.
12:10 of 3rd period - Shot by Jared Cowen.
12:10 of 3rd period - Shot Hit the Post.
12:33 of 3rd period - Shot by Cory Conacher.
12:33 of 3rd period - Stopped by Jaroslav Halak without a rebound.
12:34 of 3rd period - Sidney Crosby wins face-off versus Travis Zajac in Lightning zone.
12:34 of 3rd period - Sidney Crosby is hit by Erik Gudbranson.
12:44 of 3rd period - Shot by Mika Zibanejad.
12:44 of 3rd period - Stopped by Jaroslav Halak without a rebound.
12:45 of 3rd period - Travis Zajac wins face-off versus Mike Hoffman in Lightning zone.
13:05 of 3rd period - Shot by Tobias Rieder.
13:05 of 3rd period - Deflect By Kyle Okposo.
13:05 of 3rd period - Stopped by Tuukka Rask without a rebound.
13:06 of 3rd period - Henrik Sedin wins face-off versus Sidney Crosby in Senators zone.
13:11 of 3rd period - Shot by Radim Vrbata.
13:11 of 3rd period - Stopped by Tuukka Rask without a rebound.
13:12 of 3rd period - Sidney Crosby wins face-off versus Travis Zajac in Senators zone.
13:23 of 3rd period - Sidney Crosby is hit by Tobias Rieder and loses puck.
13:34 of 3rd period - Shot by Kyle Okposo.
13:34 of 3rd period - Stopped by Tuukka Rask without a rebound.
13:35 of 3rd period - Henrik Sedin wins face-off versus Mike Hoffman in Senators zone.
14:01 of 3rd period - Shot by Radim Vrbata.
14:01 of 3rd period - Stopped by Tuukka Rask without a rebound.
14:02 of 3rd period - Sidney Crosby wins face-off versus Travis Zajac in Senators zone.
14:02 of 3rd period - Sidney Crosby is hit by Tobias Rieder.
14:19 of 3rd period - Shot by Kyle Okposo.
14:19 of 3rd period - Stopped by Tuukka Rask without a rebound.
14:20 of 3rd period - Henrik Sedin wins face-off versus Marko Dano in Senators zone.
14:30 of 3rd period - Shot by Radim Vrbata.
14:30 of 3rd period - Stopped by Tuukka Rask without a rebound.
14:31 of 3rd period - Sidney Crosby wins face-off versus Travis Zajac in Senators zone.
14:31 of 3rd period - Sidney Crosby is hit by Travis Zajac.
15:13 of 3rd period - Minor Penalty to Andrej Sekera for Tripping.
15:14 of 3rd period - Sidney Crosby wins face-off versus Maxime Talbot in Lightning zone.
15:15 of 3rd period - Shot by Eric Staal.
15:15 of 3rd period - Stopped by Jaroslav Halak with a rebound.
15:38 of 3rd period - Shot by Sidney Crosby.
15:38 of 3rd period - Goal by Sidney Crosby - Senators : 3 - Lightning : 2.
15:39 of 3rd period - Henrik Sedin wins face-off versus Mike Hoffman in neutral zone.
15:59 of 3rd period - Shot by Radim Vrbata.
15:59 of 3rd period - Shot Misses the Net.
16:49 of 3rd period - Shot by Kyle Okposo.
16:49 of 3rd period - Stopped by Tuukka Rask without a rebound.
16:50 of 3rd period - Maxime Talbot wins face-off versus Sidney Crosby in Senators zone.
17:09 of 3rd period - Shot by Sidney Crosby.
17:09 of 3rd period - Shot Misses the Net.
17:36 of 3rd period - Hampus Lindholm is hit by Sidney Crosby and loses puck.
17:48 of 3rd period - Minor Penalty to Steve Bernier for High sticking.
17:49 of 3rd period - Henrik Sedin wins face-off versus Marko Dano in Senators zone.
18:06 of 3rd period - Shot by Henrik Sedin.
18:06 of 3rd period - Stopped by Tuukka Rask without a rebound.
18:07 of 3rd period - Kyle Okposo wins face-off versus Mika Zibanejad in Senators zone.
18:18 of 3rd period - Shot by Kyle Okposo.
18:18 of 3rd period - Deflect By Travis Zajac.
18:18 of 3rd period - Shot Blocked by Chris Phillips.
18:20 of 3rd period - Shot by Erik Gudbranson.
18:20 of 3rd period - Shot Misses the Net.
18:22 of 3rd period - Shot by Andrej Meszaros.
18:22 of 3rd period - Shot Misses the Net.
18:24 of 3rd period - Shot by Maxime Talbot.
18:24 of 3rd period - Shot Misses the Net.
18:34 of 3rd period - Shot by Erik Gudbranson.
18:34 of 3rd period - Shot Misses the Net.
19:00 of 3rd period - Lightning, Jaroslav Halak is pulled from the net.
19:02 of 3rd period - Shot by Radim Vrbata.
19:02 of 3rd period - Stopped by Tuukka Rask without a rebound.
19:03 of 3rd period - Marko Dano wins face-off versus Henrik Sedin in Senators zone.
Goals for this period are 1 for Senators vs 0 for Lightning.
Shots for this period are 13 for Senators vs 10 for Lightning.